 Dungeon Crawl Stone Soup version 0.17-a0-1927-g319369b (webtiles) character file.

56 Ordine the Digger (level 3, -2/19 HPs)
             Began as a Gargoyle Earth Elementalist on Sept 29, 2015.
             Slain by Ordine's ghost (5 damage)
             ... on level 3 of the Dungeon.
             The game lasted 00:09:20 (1796 turns).

Ordine the Digger (Gargoyle Earth Elementalist)     Turns: 1796, Time: 00:09:20

Health: -2/19      AC:  8    Str: 11    XL:     3   Next: 95%
Magic:  8/16       EV: 12    Int: 16    God:
Gold:   109        SH:  0    Dex: 10    Spells: 3 memorised, 2 levels left

rFire  . . .     SeeInvis .     p - +2 broad axe (holy)
rCold  . . .     Clarity  .     b - +0 robe
rNeg   + . .     SustAt   .     (no shield)
rPois  ∞         Gourm    .     (no helmet)
rElec  +         Spirit   .     h - +1 cloak
rCorr  .         Warding  .     e - +0 pair of gloves
rMut   .         Stasis   .     (no boots)
MR     .....                    (no amulet)
Stlth  ++........               (no ring)
                                g - ring of magical power

@: not resistant to hostile enchantments, unstealthy
A: negative energy resistance 1, electricity resistance, unbreathing,
petrification resistance, rot immunity, AC +3
a: no special abilities


You were on level 3 of the Dungeon.
You were not hungry.

You visited 1 branch of the dungeon, and saw 3 of its levels.

You collected 109 gold pieces.

Inventory:

Hand weapons
 i - a +0 mace
 p - a +2 broad axe of holy wrath (weapon)
Missiles
 a - 67 stones (quivered)
Armour
 b - a +0 robe (worn)
 e - a +0 pair of gloves (worn)
 h - a +1 cloak (worn)
Jewellery
 g - a ring of magical power (left hand)
Scrolls
 f - 2 scrolls of teleportation
Potions
 k - 2 potions of heal wounds
 l - a potion of lignification {unknown}
 m - a potion of curing {unknown}
 n - a potion of haste {unknown}
 o - a potion of invisibility {unknown}
Books
 c - a book of Geomancy

   Spells                             Type                      Level
   a - Sandblast                      Earth                        1
   b - Stoneskin                      Transmutation/Earth          2
   c - Passwall                       Transmutation/Earth          3
   d - Stone Arrow                    Conjuration/Earth            3
   e - Petrify                        Transmutation/Earth          4
   f - Lee's Rapid Deconstruction     Earth                        5
Comestibles
 d - 2 bread rations
 j - 4 chunks of flesh


   Skills:
 - Level 1.5 Dodging
 - Level 2.1 Stealth
 * Level 3.2 Spellcasting
 + Level 1.0 Conjurations
 - Level 0.7 Transmutations
 + Level 4.2 Earth Magic


You had 2 spell levels left.
You knew the following spells:

 Your Spells              Type           Power        Failure   Level  Hunger
a - Sandblast             Erth           ###...       3%          1    None
b - Stoneskin             Trmt/Erth      ##......     12%         2    ##.....
c - Stone Arrow           Conj/Erth      ##....       21%         3    ###....


Dungeon Overview and Level Annotations

Branches:
Dungeon (3/15)

Altars:

Annotations:
D:3 Ordine's ghost, average GrEE


Innate Abilities, Weirdness & Mutations

You are resistant to torment.
Your stone body is resilient (AC +3).
You are immune to poison.
You resist negative energy.
You are resistant to electric shocks.
You can survive without breathing.
You are immune to petrification.
You are immune to rotting.


Message History

The worm is lightly wounded.
Ordine's ghost hits you but does no damage.
The worm completely misses you.
Ordine's ghost hits you but does no damage.
You barely miss Ordine's ghost.
Ordine's ghost is lightly damaged.
You barely miss the worm. The worm barely misses you.
Ordine's ghost closely misses you.
You barely miss Ordine's ghost.
Ordine's ghost is lightly damaged.
You hit the worm but do no damage. Ordine's ghost hits you.
* * * LOW HITPOINT WARNING * * *
The worm bites you but does no damage.
Ordine's ghost hits you but does no damage.
You barely miss Ordine's ghost.
Ordine's ghost is lightly damaged.
You hit the worm.
The worm is moderately wounded.
Ordine's ghost hits you.
You die...

.$..........
#...........
#(.........#
#(.........#
#..<.......#
#..........#
#.........$#
####.........!#
.......@......#
###...wW....#.#
##.......## #
....(.....#
.........)#.<.
..............#
...........##.#
.........#.# .#


You could see a worm and Ordine's ghost.

Vanquished Creatures
  3 adders
  A giant gecko (D:2)
  2 giant cockroaches (D:2)
  4 goblins
  2 hobgoblins (D:1)
  3 quokkas (D:2)
  A bat (D:2)
  4 giant newts
  3 jackals
  2 kobolds
  5 rats (D:2)
30 creatures vanquished.

Notes
Turn   | Place    | Note
--------------------------------------------------------------
     0 | D:1      | Ordine the Gargoyle Earth Elementalist began the quest for the Orb.
     0 | D:1      | Reached XP level 1. HP: 10/10 MP: 3/3
   405 | D:1      | Reached XP level 2. HP: 15/15 MP: 3/5
   409 | D:1      | Learned a level 2 spell: Stoneskin
   972 | D:2      | Reached skill level 4 in Earth Magic
  1108 | D:2      | Reached XP level 3. HP: 19/19 MP: 7/7
  1113 | D:2      | Learned a level 3 spell: Stone Arrow
  1659 | D:3      | Reached skill level 1 in Conjurations
  1772 | D:3      | Noticed Ordine's ghost (average GrEE)
  1796 | D:3      | Slain by Ordine's ghost

Vault maps used:
D:1:      lightli_arrival_windingriver
D:3:      kennysheep_the_goblin_king, first_bread

Action                   || total
-------------------------++-------
Melee: Unarmed           ||    15
       Mace              ||     7
       Broad axe         ||    23
 Cast: Sandblast         ||    68
  Use: Scroll            ||     7
       Potion            ||     1
  Eat: Chunk             ||     3
